 Dungeon Crawl Stone Soup version 0.14-a0-2848-g1d0399b (webtiles) character file.

214 Junicave the Sneak (level 4, -1/30 HPs)
             Began as a Vampire Enchanter on Feb 27, 2014.
             Slain by an orc wizard
             ... wielding a +0,+0 flail
              (3 damage)
             ... on Level 3 of the Dungeon.
             The game lasted 00:14:27 (2457 turns).

Junicave the Sneak (Vampire Enchanter)              Turns: 2457, Time: 00:14:28

HP  -1/30        AC  5     Str  7 (8)  XL: 4   Next: 69%
MP   7/7         EV 12     Int 17      God:
Gold 98          SH  0     Dex 14      Spells:  2 memorised,  3 levels left

rFire  x . .     SeeInvis +     s - +2,+1 long sword
rCold  + + +     Clarity  .     b - +1 robe
rNeg   + + +     Conserve .     (no shield)
rPois  +         rCorr    .     o - +0 helmet
rElec  .         rRot     +     (no cloak)
SustAb . .       Spirit   .     (no gloves)
rMut   .         Warding  .     p - +0 pair of orc boots
Saprov . . .     Stasis   .     (no amulet)
MR     .....                    (no ring)
                                l - ring of ice

@: regenerating slowly, not resistant to hostile enchantments, very stealthy
A: fangs 3, see invisible, unbreathing
a: Bat Form


You were on level 3 of the Dungeon.
You were near bloodless.

You visited 1 branch of the dungeon, and saw 4 of its levels.

You collected 98 gold pieces.

Inventory:

Hand weapons
 a - a +1,+1 dagger
 i - a +0,+0 dagger
 k - a +0,+1 whip of freezing
 s - a +2,+1 long sword (weapon)
Missiles
 d - 12 darts (quivered)
 w - 39 arrows
 A - 13 arrows of frost
Armour
 b - a +1 robe (worn)
 o - a +0 helmet (worn)
 p - a +0 pair of orcish boots (worn)
 B - a +0 robe
Scrolls
 g - 2 scrolls of teleportation {unknown}
 h - 2 scrolls of fear {unknown}
 m - 2 scrolls of fog {unknown}
 u - a scroll of remove curse {unknown}
 v - a scroll of identify {unknown}
 x - a scroll of enchant weapon II {unknown}
 y - a scroll of magic mapping {unknown}
 z - a scroll of immolation {unknown}
Jewellery
 l - a ring of ice (left hand)
Potions
 e - a potion of coagulated blood
 j - a potion of degeneration
 t - a potion of invisibility {unknown}
Books
 c - a book of Maledictions

   Spells                             Type                      Level
   *Corona                            Hexes                        1
   Sure Blade                         Hexes/Charms                 2
   Ensorcelled Hibernation            Hexes/Ice                    2
   *Confuse                           Hexes                        3
   Enslavement                        Hexes                        4
   Invisibility                       Hexes                        6


   Skills:
 - Level 1.1 Short Blades
 - Level 0.7 Throwing
 - Level 2.1 Dodging
 * Level 7.8 Stealth
 - Level 2.0 Spellcasting
 - Level 4.4 Hexes


You had 3 spell levels left.
You knew the following spells:

 Your Spells              Type           Power        Failure   Level  Hunger
a - Corona                Hex            ###....      3%          1    #......
b - Confuse               Hex            ###.....     12%         3    ####...


Dungeon Overview and Level Annotations

Branches:
Dungeon (4/16)
 Temple: D:4-7

Altars:


Innate Abilities, Weirdness & Mutations

You heal slowly.
You have razor-sharp teeth.*
You have supernaturally acute eyesight.
You can survive without breathing.*


Message History

You feel slightly less thirsty.
The orc wizard is lightly wounded.
The orc wizard hits you with a flail! The orc wizard hits you with a flail!
* * * LOW HITPOINT WARNING * * *
Drink which item? (? for menu, Esc to quit)
There was something very wrong with that liquid!
You feel weakened.
It was a potion of degeneration.
The orc wizard gestures at you while chanting.
The puff of flame misses you.
Drink which item? (? for menu, Esc to quit)
You are confused.
It was a potion of confusion.
The orc wizard hits you with a flail.
* * * LOW HITPOINT WARNING * * *
Drink which item? (? for menu, Esc to quit)
Magic courses through your body.
It was a potion of magic.
You feel less confused. The orc wizard hits you with a flail.
You die...

#.# #...##..####.##%... #o#
#...##............. #.##.#
#...##.###........% #.##.#
#.#.##............. ####o##.#
#...######.....#... .....##.#
#....#####.....#... #l#####.##
#.........>........ #o#
#...######....#####......... #.#
#.........o@........#.......
#.####......###..#########.###...
....l.......# #..# #.# #...
##.####...>.# #..# ###.###...
#..####.o..# #..# #.........
##[#.###....# #..# #.#.......
#.###.##....# #..# #.#######. .##
##......# #..#######.#######.
#.###.....).###......(...........


You could see an orc wizard.

Vanquished Creatures
  An orc priest (D:3)
  4 adders
  A giant mite (D:1)
  3 oozes
  An orc (D:4)
  A bat skeleton (D:3)
  3 giant cockroaches
  5 hobgoblins
  3 kobolds
  3 bats
  3 giant geckos
  7 giant newts
  4 goblins
  A quokka (D:2)
  6 rats
46 creatures vanquished.

Notes
Turn   | Place    | Note
--------------------------------------------------------------
     0 | D:1      | Junicave, the Vampire Enchanter, began the quest for the Orb.
     0 | D:1      | Reached XP level 1. HP: 13/13 MP: 3/3
   103 | D:1      | Reached XP level 2. HP: 13/19 MP: 2/4
   483 | D:1      | Reached skill level 5 in Stealth
   795 | D:2      | Reached XP level 3. HP: 18/24 MP: 4/6
  1028 | D:2      | Reached skill level 6 in Stealth
  1461 | D:2      | Learned a level 3 spell: Confuse
  1679 | D:2      | Reached XP level 4. HP: 27/30 MP: 7/7
  1898 | D:3      | Reached skill level 7 in Stealth
  2457 | D:3      | Slain by an orc wizard

Action                   |  1- 3 |  4- 6 || total
-------------------------+-------+-------++-------
Melee: Dagger            |    14 |       ||    14
       Whip              |    49 |       ||    49
       Long sword        |    36 |    37 ||    73
Throw: Dart              |     1 |       ||     1
 Cast: Corona            |    21 |     3 ||    24
       Confuse           |       |     6 ||     6
  Use: Potion            |       |     3 ||     3
 Stab: Sleeping          |     5 |     3 ||     8
       Distracted        |       |     1 ||     1
       Confused          |       |     1 ||     1
